 Dungeon Crawl Stone Soup version 0.31.0-11-ge490571c62 (webtiles) character file.

Game seed: 994370998955626589

91791 Esekla the Thaumaturge (level 16, -2/85 HPs)
             Began as a Vine Stalker Warper on Jan 31, 2024.
             Was a High Priest of Vehumet.
             Slain by an ettin
             ... wielding a +0 dire flail
              (24 damage)
             ... on level 1 of the Depths.
             The game lasted 04:03:36 (32458 turns).

Esekla the Thaumaturge (Vine Stalker Warper)       Turns: 32458, Time: 04:03:36

Health: -2/85      AC: 17    Str: 15    XL:     16   Next: 4%
Magic:  0/44       EV: 14    Int: 25    God:    Vehumet [*****.]
Gold:   393        SH:  8    Dex: 15    Spells: 1/44 levels left

rFire   . . .        a - +8 whip "Snakebite" {venom, curare, rPois}
rCold   . . .        m - +3 buckler of the Pure Yaks {rN+}
rNeg    + . .        R - +0 troll leather armour
rPois   +            Z - +2 hood of the Assassin {Detect Stab+ Stlth++}
rElec   .            S - +1 cloak {Will+}
rCorr   .            z - +0 pair of gloves
SInv    .            u - +0 pair of boots
Will    +++..        (no amulet)
Stlth   +++++        X - +6 ring of intelligence
HPRegen 1.94/turn    p - ring of magical power
MPRegen 0.29/turn

%: guardian spirit
@: ice-armoured, fragile (+50% incoming damage)
A: fangs 3, regeneration 1, magic shield, antimagic bite, no potion heal 2
a: Renounce Religion


You were on level 1 of the Depths.
You worshipped Vehumet.
Vehumet was extremely pleased with you.
You visited 5 branches of the dungeon, and saw 24 of its levels.
You also visited: Ossuary.

You collected 2255 gold pieces.
You spent 1862 gold pieces at shops.

Inventory:

Hand Weapons
 a - the +8 whip "Snakebite" (weapon) {venom, curare, rPois}
   (You found it on level 2 of the Lair of Beasts)

   rPois:     It protects you from poison
 c - a +2 falchion of venom
 g - a +2 dagger of protection
 r - a +2 spear of pain
 v - a +3 dagger of venom
 w - a +0 dagger of holy wrath
Missiles
 e - 18 poisoned darts
 q - 12 boomerangs (quivered)
 P - 2 silver javelins
Armour
 m - the +3 buckler of the Pure Yaks (worn) {rN+}
   (You found it on level 3 of the Dungeon)

   rN+:       It protects you from negative energy.
 u - a +0 pair of boots (worn)
 z - a +0 pair of gloves (worn)
 L - the +3 leather armour "Duuxzo" {rPois}
   (You found it on level 9 of the Dungeon)

   rPois:     It protects you from poison
 Q - a +2 robe of cold resistance
 R - a +0 troll leather armour (worn)
 S - a +1 cloak of willpower (worn)
 Z - the +2 hood of the Assassin (worn) {Detect Stab+ Stlth++}
   (You bought it in a shop on level 11 of the Dungeon)

   Detect:    It allows the wearer to sense nearby creatures.
   Stab+:     It allows the wearer to make particularly effective stabbing
   attacks against helpless or unaware enemies with any weapon.
   Stlth++:   It makes you much more stealthy.
Magical Staves
 o - the staff "Gephiamn" {rElec rF+ Int+4 Fire}
   (You found it on level 13 of the Dungeon)

   [staff of fire]

   Base accuracy: +5 Base damage: 5 Base attack delay: 1.2 This weapon's minimum
   attack delay (0.6) is reached at skill level 12.
   Int+4:     It affects your intelligence (+4).
   rF+:       It protects you from fire.
   rElec:     It insulates you from electricity.
   Fire:      It increases the power of your Fire spells.
   It falls into the 'Staves' category.
   It is a one-handed weapon.
Jewellery
 p - a ring of magical power (right hand)
 s - a ring of magical power
 E - a ring of ice
 H - a ring of protection from cold
 X - a +6 ring of intelligence (left hand)
Wands
 j - a wand of flame (27)
 y - a wand of roots (19)
 O - a wand of digging (6)
Scrolls
 d - 3 scrolls of enchant armour {unknown}
 i - 2 scrolls of revelation
 k - 6 scrolls of teleportation
 l - 4 scrolls of immolation {unknown}
 n - 4 scrolls of fog
 t - 3 scrolls of fear
 J - a scroll of torment {unknown}
 M - 2 scrolls of poison {unknown}
 T - 2 scrolls of amnesia {unknown}
 U - 2 scrolls of blinking
 V - 4 scrolls of enchant weapon
Potions
 b - 2 potions of cancellation
 f - 4 potions of haste
 h - 2 potions of resistance
 x - 3 potions of ambrosia
 A - a potion of might
 B - 7 potions of curing
 C - 8 potions of mutation
 D - 2 potions of lignification
 F - 2 potions of brilliance
 G - a potion of invisibility
 I - 4 potions of attraction
 K - 7 potions of enlightenment


   Skills:
 * Level 10.0 Fighting
 + Level 4.9(6.0) Short Blades
 + Level 5.2(6.2) Long Blades
 + Level 4.7 Maces & Flails
 + Level 3.4 Throwing
 - Level 4.1 Armour
 + Level 6.4 Dodging
 + Level 5.3 Stealth
 - Level 3.8 Shields
 * Level 14.8 Spellcasting
 * Level 5.0 Conjurations
 + Level 7.7 Necromancy
 + Level 7.2 Translocations
 - Level 6.0 Fire Magic
 + Level 6.4 Ice Magic
 + Level 5.3 Air Magic
 - Level 6.0 Alchemy
 + Level 0.2 Evocations


You had one spell level left.
You knew the following spells:

 Your Spells              Type           Power      Damage    Failure   Level
a - Ozocubu's Armour      Ice            50%        N/A       1%          3
b - Blink                 Tloc           100%       N/A       1%          2
d - Vampiric Draining     Necr           55%        2d9       1%          3
h - Vhi's Electric Charg  Tloc/Air       100%       N/A       3%          4
n - Ignite Poison         Fire/Alch      48%        N/A       1%          4
o - Orb of Destruction    Conj           21%        9d8       75%         7
r - Frozen Ramparts       Ice            100%       1d16      1%          3
u - Dispel Undead         Necr           55%        3d20      1%          4
v - Mercury Vapours       Alch/Air       94%        N/A       1%          2
w - Fugue of the Fallen   Necr           55%        N/A       1%          3
x - Olgreb's Toxic Radia  Alch           48%        N/A       1%          4
y - Sticky Flame          Fire/Alch      48%        2d9       1%          4

Your spell library contained the following spells:

 Spells                   Type           Power      Damage    Failure   Level
 Yara's Violent Unravell  Hex/Alch       16%        3d8       11%         5
 Foxfire                  Conj/Fire      100%       2x1d9     1%          1
 Necrotise                Necr           100%       1d9       1%          1
 Sting                    Conj/Alch      100%       1d9       1%          1
 Slow                     Hex            72%        N/A       4%          1
 Summon Small Mammal      Summ           72%        N/A       4%          1
 Cigotuvi's Dreadful Rot  Necr/Alch/Air  100%       N/A       1%          2
 Lesser Beckoning         Tloc           100%       N/A       1%          2
 Hailstorm                Conj/Ice       47%        3d10      1%          3
 Inner Flame              Hex/Fire       33%        N/A       1%          3
 Teleport Other           Tloc           53%        N/A       1%          3
 Flame Wave               Conj/Fire      46%        2d12      1%          4
 Manifold Assault         Tloc           53%        N/A       2%          4
 Summon Ice Beast         Ice/Summ       34%        N/A       4%          3
 Curse of Agony           Necr           55%        N/A       5%          5
 Martyr's Knell           Necr/Summ      37%        N/A       10%         4
 Dimensional Bullseye     Hex/Tloc       18%        N/A       11%         4
 Call Canine Familiar     Summ           18%        N/A       14%         3
 Confusing Touch          Hex            18%        N/A       14%         3
 Sigil of Binding         Hex            18%        N/A       14%         3
 Summon Blazeheart Golem  Fire/Summ      33%        N/A       14%         4
 Death Channel            Necr           27%        N/A       30%         6
 Dispersal                Tloc           26%        N/A       36%         6
 Sculpt Simulacrum        Ice/Alch       24%        N/A       50%         6
 Disjunction              Tloc           26%        N/A       100%        8


Dungeon Overview and Level Annotations

Branches:
Dungeon (15/15)            Temple (1/1) D:6            Lair (5/5) D:8
 Shoals (0/4) Lair:3        Snake (0/4) Lair:3        Slime (0/5) Lair:4
    Orc (2/2) D:9             Elf (0/3) Orc:2        Vaults (0/5) D:14
 Depths (1/4) D:15        Ossuary (visited)

Altars:
Ashenzari
Cheibriados
Dithmenos
Elyvilon
Fedhas
Gozag
Hepliaklqana
Kikubaaqudgha
Makhleb
Nemelex Xobeh
Okawaru
Qazlal
Ru
Sif Muna
Trog
Uskayaw
Vehumet
Wu Jian
Xom
Yredelemnul
Zin
The Shining One
Jiyva

Shops:
D:4 *   D:11 [   D:15 *   Orc:2 ==*:

Annotations:
D:5 Sigmund
D:6 Grinder
D:14 1 runed translucent door, Louise; Uqorphet's ghost, journeyman DECj
Lair:2 exclusion: 2 oklob plants, Gastronok
Lair:5 2 runed translucent doors


Innate Abilities, Weirdness & Mutations

You have razor-sharp teeth.
Your natural rate of healing is unusually fast.
When hurt, damage is shared between your health and your magic reserves.
Your bite disrupts and absorbs the magic of your enemies.
Potions cannot restore your health.


Message History

You start resting.
Your icy armour evaporates.
You start resting.
Magic restored.
You climb downwards.
Welcome back to the Depths!
You block the ettin's attack. x2
There is a staircase back to the Dungeon, spattered with blood here.
Casting: Ignite Poison (mildly dangerous; 1% risk of failure)
Confirm with . or Enter, or press ? or * to list all spells.
A film of ice covers your body! The glass eye gazes at you.
Your body becomes as fragile as glass!
The ettin misses you. The ettin closely misses you.
Casting: Ozocubu's Armour (safe; 1% risk of failure)
Confirm with . or Enter, or press ? or * to list all spells.
You begin to radiate toxic energy.
The ettin is poisoned.
The glass eye is poisoned.
The ettin looks even sicker.
The glass eye gazes at you.
You feel your fragility will last longer.
The ettin closely misses you.
The ettin hits you with a +1 great mace of protection!!
You barely miss the ettin. You bite the ettin, but do no damage.
The ettin is lightly wounded.
The ettin looks even sicker.
The glass eye looks even sicker.
The glass eye gazes at you.
You feel your fragility will last longer.
The ettin hits you with a +0 dire flail!!
* * * LOW HITPOINT WARNING * * *
The ettin hits you but does no damage.
A flayed ghost comes into view.
Casting: Olgreb's Toxic Radiance (mildly dangerous; 1% risk of failure)
Confirm with . or Enter, or press ? or * to list all spells.
You ignite the poison in your surroundings!
The glass eye seems to burn from within!!
The glass eye is severely wounded.
The ettin seems to burn from within!!!
The ettin is almost dead.
The ettin is poisoned.
The glass eye is poisoned.
Your toxic aura wanes.
The ettin hits you with a +0 dire flail!!
You die...

###############
......^......W.
...............
......G@.......
....!..C.......
............$..
...............
...............
............##.
.##########.#
.#


You could see an ettin (poisoned), a flayed ghost and a glass eye (poisoned).

Vanquished Creatures
  An orc warlord (Orc:1)
  Nessos (Lair:3)
  An ettin (D:15)
  2 vault guards (D:14)
  2 hydras (Lair:5)
  A sphinx zombie (D:15)
  Erolcha (Orc:1)
  An ironbound frostheart (D:14)
  4 centaur warriors
  7 ogre magi
  5 death yaks
  A tengu warrior (D:13)
  20 two-headed ogres
  An orc high priest (Orc:2)
  Nergalle (Lair:2)
  Urug (Lair:5)
  Lodul (D:14)
  2 skysharks (Lair:5)
  2 skeletal warriors (D:15)
  A flayed ghost (D:15)
  2 arcanists (D:12)
  2 deep elf zephyrmancers (D:12)
  A lindwurm (Lair:5)
  6 deep elf pyromancers
  A necromancer (D:15)
  An orc knight (D:9)
  3 orc sorcerers
  4 cyclopes
  13 ugly things
  A salamander (Lair:3)
  A merfolk siren (Lair:3)
  3 meliai
  A black mamba (shapeshifter) (D:14)
  5 kobold blastminers
  8 black mambas
  2 molten gargoyles (Lair:5)
  6 torpor snails
  9 cane toads
  An unseen horror (D:10)
  2 gargoyles (D:13)
  2 rime drakes
  10 komodo dragons
  A kobold demonologist (D:13)
  A freezing wraith (D:14)
  A tengu conjurer (D:14)
  A polar bear (shapeshifter) (D:15)
  A tarantella (shapeshifter) (D:15)
  5 trolls
  4 polar bears
  4 dream sheep (Lair:1)
  A spriggan zombie (D:15)
  5 blink frogs (Lair:4)
  A spriggan skeleton (D:15)
  A shadow (D:12)
  4 slime creatures
  38 yaks
  2 vampires (D:11)
  6 wraiths
  10 basilisks
  9 wyverns
  4 wargs
  4 steam dragons
  2 nagas
  2 acid dragons
  4 hell hounds (Lair:5)
  14 orc warriors
  19 water moccasins
  A sky beast (D:5)
  2 ice beasts
  A black bear (D:6)
  6 laughing skulls
  41 ogres
  8 wolves
  9 centaurs
  A phantom (D:5)
  A kobold brigand (D:8)
  2 gnoll sergeants
  4 scorpions
  10 bullfrogs
  4 wights
  25 killer bees
  5 howler monkeys
  An electric eel (D:12)
  5 lava snakes (Lair:5)
  A bombardier beetle (D:4)
  A hound (D:7)
  A jelly (D:6)
  12 orc priests
  A centaur skeleton (Ossuary)
  A sleepcap (D:5)
  A spectral scorpion (Ossuary)
  Jessica (D:2)
  An iguana (D:6)
  19 orc wizards
  2 hell rats (D:8)
  A crocodile zombie (Ossuary)
  12 mummies (Ossuary)
  14 gnolls
  10 adders
  A river rat (D:8)
  A shadow imp (D:7)
  2 white imps
  2 ufetubi (D:5)
  5 dart slugs
  2 ribbon worms
  55 orcs
  5 ball pythons
  7 endoplasms
  5 giant cockroaches
  7 goblins
  6 hobgoblins
  2 jackals (D:1)
  15 kobolds
  3 quokkas
  3 bats
  A frilled lizard (D:1)
  3 gnoll skeletons (Ossuary)
  3 kobold skeletons (Ossuary)
  An orc skeleton (Ossuary)
  9 rats
  10 spectral rats (Ossuary)
636 creatures vanquished.

Vanquished Creatures (others)
  An orc wizard (Orc:2)
1 creature vanquished.

Grand Total: 637 creatures vanquished

Notes
Turn   | Place    | Note
-------+----------+-------------------------------------------
     0 | D:1      | Esekla the Vine Stalker Warper began the quest for the Orb.
     0 | D:1      | Reached XP level 1. HP: 11/11 MP: 4/4
   328 | D:1      | Reached XP level 2. HP: 15/15 MP: 6/6
   568 | D:1      | You fall into a shaft and drop 1 floor!
   796 | D:3      | Identified the +3 buckler of the Pure Yaks {rN+}
   998 | D:1      | Reached XP level 3. HP: 18/18 MP: 7/7
  1065 | D:1      | Learned a level 2 spell: Blink
  1795 | D:4      | Found a hide-covered altar of Uskayaw.
  1859 | D:3      | Reached XP level 4. HP: 12/23 MP: 5/8
  1950 | D:4      | Noticed an ogre
  2060 | D:4      | Reached skill level 1 in Shields
  2203 | D:4      | Reached skill level 1 in Stealth
  2279 | D:5      | Entered Level 5 of the Dungeon
  2481 | D:5      | Found a sand-covered staircase.
  2512 | D:6      | Noticed a scorpion
  2531 | D:6      | Killed a scorpion
  2532 | D:6      | Reached XP level 5. HP: 10/27 MP: 4/10
  2545 | D:5      | Noticed Sigmund
  2568 | D:6      | Noticed an ogre
  2613 | Ossuary  | Entered an ossuary
  2661 | Ossuary  | Reached skill level 3 in Spellcasting
  2735 | Ossuary  | Reached XP level 6. HP: 32/32 MP: 12/12
  3184 | Ossuary  | Reached skill level 4 in Spellcasting
  3375 | D:4      | Found Juvitsu's Fire Supplies.
  3460 | D:4      | Reached XP level 7. HP: 34/36 MP: 14/14
  4066 | D:2      | Noticed Jessica
  4122 | D:2      | Killed Jessica
  4617 | D:5      | Found a shadowy altar of Dithmenos.
  4682 | D:5      | Found a snail-covered altar of Cheibriados.
  5225 | D:6      | Noticed a yak
  5228 | D:6      | Noticed a yak
  5413 | D:6      | Noticed Grinder
  5458 | D:6      | Found a basalt altar of Yredelemnul.
  5553 | D:5      | Learned a level 3 spell: Vampiric Draining
  5698 | D:6      | Reached skill level 1 in Throwing
  5709 | D:6      | Gained mutation: You have razor-sharp teeth. [Vine Stalker
                  | growth]
  5709 | D:6      | Reached XP level 8. HP: 42/42 MP: 15/15
  5724 | D:6      | Found a staircase to the Ecumenical Temple.
  5732 | Temple   | Entered the Ecumenical Temple
  5750 | Temple   | Became a worshipper of Vehumet
  5929 | D:5      | Reached skill level 1 in Necromancy
  6941 | D:6      | Noticed a yak
  6945 | D:6      | Noticed a yak
  7040 | D:6      | Noticed a yak
  7042 | D:6      | Noticed a yak
  7066 | D:5      | Killed a yak
  7289 | D:6      | Reached skill level 5 in Spellcasting
  7347 | D:6      | Reached skill level 5 in Long Blades
  7347 | D:6      | Reached XP level 9. HP: 32/46 MP: 11/17
  8203 | D:4      | Bought Sif Muna's Omnibus of the Burn for 352 gold pieces
  8208 | D:4      | Learned a level 4 spell: Ignite Poison
  8239 | D:4      | Reached * piety under Vehumet
  8239 | D:4      | Offered knowledge of Freeze by Vehumet.
  8491 | D:7      | Found an iron altar of Okawaru.
  8786 | D:6      | Reached skill level 5 in Fighting
  8800 | D:6      | Reached skill level 1 in Fire Magic
  8800 | D:6      | Reached skill level 1 in Alchemy
  8810 | D:6      | Reached skill level 1 in Short Blades
  9165 | D:7      | Found a shimmering altar of Xom.
  9344 | D:8      | Reached XP level 10. HP: 51/51 MP: 19/19
  9390 | D:8      | Reached skill level 6 in Spellcasting
  9646 | D:9      | Found a staircase to the Orcish Mines.
  9698 | D:9      | Offered knowledge of Static Discharge by Vehumet.
  9724 | D:9      | Reached ** piety under Vehumet
 10152 | D:9      | Found a sacrificial altar of Ru.
 10158 | D:9      | Found a white marble altar of Elyvilon.
 10214 | D:9      | Reached skill level 7 in Spellcasting
 10382 | D:9      | Identified the +3 leather armour "Duuxzo" {rPois}
 10687 | D:9      | Found a glowing silver altar of Zin.
 10714 | D:9      | Found an opulent altar of Gozag.
 11097 | Orc:1    | Entered Level 1 of the Orcish Mines
 11097 | Orc:1    | Noticed an orc knight
 11097 | Orc:1    | Noticed a kobold blastminer
 11097 | Orc:1    | Noticed a kobold blastminer
 11321 | D:8      | Reached skill level 5 in Alchemy
 11430 | Orc:1    | Noticed an orc sorcerer
 11442 | D:9      | Offered knowledge of Volatile Blastmotes by Vehumet.
 11571 | D:9      | Reached XP level 11. HP: 56/56 MP: 23/23
 11584 | D:9      | Killed an orc sorcerer
 11585 | D:9      | Reached skill level 1 in Armour
 12018 | D:10     | Entered Level 10 of the Dungeon
 12166 | D:10     | Found a sparkling altar of Nemelex Xobeh.
 12233 | D:10     | Noticed a cyan ugly thing
 12251 | D:10     | Killed a cyan ugly thing
 12350 | D:9      | Killed an orc knight
 12597 | D:10     | Noticed a two-headed ogre
 12600 | D:10     | Found an ornate altar of the Wu Jian Council.
 12871 | D:10     | Reached *** piety under Vehumet
 12910 | D:10     | Noticed a two-headed ogre
 12915 | D:10     | Killed a two-headed ogre
 12916 | D:10     | Reached skill level 8 in Spellcasting
 12916 | D:10     | Reached skill level 5 in Necromancy
 13265 | Orc:1    | Noticed an orc sorcerer
 13325 | Orc:1    | Killed an orc sorcerer
 13330 | Orc:1    | Noticed Erolcha
 13339 | Orc:1    | Killed Erolcha
 13504 | Orc:1    | Reached skill level 5 in Fire Magic
 13649 | Orc:1    | Offered knowledge of Dazzling Flash by Vehumet.
 13736 | Orc:1    | Noticed an orc warlord
 14018 | Orc:1    | Killed an orc warlord
 14352 | Orc:2    | Entered Level 2 of the Orcish Mines
 14352 | Orc:2    | Noticed an orc high priest
 14356 | Orc:2    | Noticed a two-headed ogre
 14372 | Orc:2    | Found a staircase to the Elven Halls.
 14403 | Orc:1    | Reached XP level 12. HP: 52/62 MP: 14/25
 14468 | Orc:1    | Reached skill level 5 in Dodging
 14572 | Orc:2    | Noticed a two-headed ogre
 14608 | Orc:2    | Noticed a two-headed ogre
 14655 | Orc:2    | Noticed a two-headed ogre
 14722 | Orc:1    | Killed a two-headed ogre
 14774 | Orc:2    | Noticed a two-headed ogre
 14779 | Orc:1    | Killed a two-headed ogre
 15024 | D:11     | Reached skill level 9 in Spellcasting
 15024 | D:11     | Reached skill level 1 in Air Magic
 15026 | D:11     | Noticed a two-headed ogre
 15178 | D:11     | Killed a two-headed ogre
 15211 | D:11     | Found Ropt's Armour Emporium.
 15214 | D:11     | Noticed a two-headed ogre
 15324 | D:11     | Noticed a two-headed ogre
 15332 | D:11     | Killed a two-headed ogre
 15363 | D:11     | Reached **** piety under Vehumet
 15505 | D:11     | Killed a two-headed ogre
 15581 | D:11     | Bought a +1 cloak of willpower for 247 gold pieces
 16254 | D:12     | Noticed a two-headed ogre
 16262 | D:12     | Killed a two-headed ogre
 16342 | D:12     | Offered knowledge of Frozen Ramparts by Vehumet.
 16358 | D:12     | Learned a level 3 spell: Frozen Ramparts
 16363 | D:12     | Learned a level 4 spell: Vhi's Electric Charge
 16808 | D:12     | Reached skill level 1 in Ice Magic
 17194 | D:12     | Noticed an ogre mage
 17194 | D:12     | Noticed an ogre mage
 17510 | D:12     | Killed an ogre mage
 17518 | D:12     | Reached XP level 13. HP: 66/67 MP: 24/27
 17596 | D:12     | Reached skill level 10 in Spellcasting
 17703 | D:12     | Found the +12 glaive of Prune {freeze, Prune}
 18154 | D:8      | Found a staircase to the Lair.
 18312 | Lair:1   | Entered Level 1 of the Lair of Beasts
 18331 | Lair:1   | Learned a level 3 spell: Ozocubu's Armour
 18335 | Lair:1   | Learned a level 3 spell: Fugue of the Fallen
 18358 | Lair:1   | Identified the +2 orcbow of the Lamprey {flame, Fly Int+3
                  | Dex-2}
 18732 | Lair:1   | Reached ***** piety under Vehumet
 18925 | Lair:1   | Offered knowledge of Bombard by Vehumet.
 19390 | Lair:2   | Reached skill level 11 in Spellcasting
 19576 | Lair:2   | Found the +8 whip "Snakebite" {venom, curare, rPois}
 19705 | Lair:2   | Noticed Gastronok
 19729 | Lair:2   | Noticed Nergalle
 19738 | Lair:2   | Killed Nergalle
 19966 | Lair:2   | Found a blossoming altar of Fedhas.
 20261 | Lair:3   | Noticed Nessos
 20514 | Lair:3   | Reached skill level 1 in Maces & Flails
 20857 | Lair:3   | Found a staircase to the Snake Pit.
 20867 | Lair:3   | Killed Nessos
 21127 | Lair:3   | Found a staircase to the Shoals.
 21434 | Lair:4   | Reached XP level 14. HP: 70/74 MP: 18/30
 21519 | Lair:5   | Entered Level 5 of the Lair of Beasts
 21521 | Lair:5   | Noticed Urug
 21542 | Lair:5   | Reached skill level 5 in Air Magic
 21786 | D:11     | Bought the +2 hood of the Assassin {Detect Stab+ Stlth++}
                  | for 900 gold pieces
 21786 | D:11     | Found the +2 hood of the Assassin {Detect Stab+ Stlth++}
 22142 | Lair:4   | Found a staircase to the Slime Pits.
 22142 | Lair:4   | Found a viscous altar of Jiyva.
 22164 | Lair:4   | Reached skill level 5 in Ice Magic
 22685 | Lair:5   | Reached skill level 12 in Spellcasting
 22912 | Lair:5   | Offered knowledge of Orb of Destruction by Vehumet.
 22921 | Lair:5   | Learned a level 7 spell: Orb of Destruction
 23017 | Lair:5   | Reached skill level 5 in Translocations
 23299 | Lair:5   | Reached skill level 1 in Conjurations
 23652 | Lair:5   | Found a snail-covered altar of Cheibriados.
 24024 | Lair:5   | Killed Urug
 24301 | Lair:5   | Found a large runed translucent door.
 24307 | Lair:5   | Found a large runed translucent door.
 25025 | Orc:1    | Reached skill level 13 in Spellcasting
 25776 | Orc:1    | Reached XP level 15. HP: 79/79 MP: 24/33
 26566 | Orc:2    | Found Viosin's General Store.
 26566 | Orc:2    | Found Guelif's Jewellery Shoppe.
 26566 | Orc:2    | Found Famuusm's Book Emporium.
 26566 | Orc:2    | Found Himy's Jewellery Boutique.
 26915 | Orc:2    | Bought a Young Poisoner's Handbook for 260 gold pieces
 26920 | Orc:2    | Learned a level 4 spell: Olgreb's Toxic Radiance
 26923 | Orc:2    | Learned a level 2 spell: Mercury Vapours
 27296 | Orc:2    | Bought a scroll of identify for 28 gold pieces
 27497 | D:13     | Identified the staff "Gephiamn" {rElec rF+ Int+4 Fire}
 28730 | D:14     | Noticed Lodul
 29013 | D:14     | Killed Lodul
 29475 | D:14     | Noticed Louise
 29502 | D:14     | Found a runed translucent door.
 29507 | D:14     | Identified the +4 spear of the Forging Gods {spect, rC+
                  | Str+3}
 29510 | D:14     | Noticed Uqorphet's ghost (journeyman DECj)
 29543 | D:14     | Reached skill level 5 in Stealth
 29778 | D:14     | HP: 2/77 [ironbound frostheart/creeping frost (25)]
 29782 | D:14     | Reached skill level 14 in Spellcasting
 29901 | D:14     | Reached ****** piety under Vehumet
 30287 | D:14     | Offered knowledge of Yara's Violent Unravelling by Vehumet.
 30325 | D:14     | Found a gate to the Vaults.
 30795 | D:15     | Entered Level 15 of the Dungeon
 30990 | D:15     | Found a white marble altar of Elyvilon.
 31000 | D:15     | Found Wepry's Assorted Antiques.
 31009 | D:15     | Bought a scroll labelled YNOLUM ARRU for 25 gold pieces
 31009 | D:15     | Bought a scroll of identify for 50 gold pieces
 31077 | D:15     | Found a staircase to the Depths.
 31859 | D:15     | Learned a level 4 spell: Sticky Flame
 31864 | D:15     | Learned a level 4 spell: Dispel Undead
 32114 | D:15     | Reached XP level 16. HP: 78/85 MP: 20/35
 32119 | D:15     | Reached skill level 10 in Fighting
 32373 | Depths:1 | Entered Level 1 of the Depths
 32381 | D:15     | Reached skill level 5 in Conjurations
 32458 | Depths:1 | Slain by an ettin

Illustrated notes

Levels and vault maps discovered:
D:1:      dpeg_arrival_pond, layout_loops_ring, serial_aquarium,
          aquarium_bridge_square [aquarium_subvault_bridge,
          aquarium_subvault_wall, aquarium_subvault_balcony,
          aquarium_subvault_bridge], aquarium_bridge_long_joined
          [aquarium_subvault_window, aquarium_subvault_bridge,
          aquarium_subvault_wall, aquarium_subvault_window,
          aquarium_subvault_wall, aquarium_subvault_wall], aquarium_window_fake,
          aquarium_window_fake, aquarium_window_corner, aquarium_view_2d,
          aquarium_balcony_3a, aquarium_pool_corner
D:2:      layout_loops_corners, uniq_jessica
D:3:      layout_rooms, minmay_misc_feat_plants
D:4:      layout_layer_cave, kennysheep_mini_moat, nicolae_shop_fire_sale
          [nicolae_sub_dead_trees], serial_library_hellmonk_recessed_alcove,
          hex_tiny, minmay_crystal_water, minmay_statues_item
D:5:      layout_loops_corners, nicolae_overflow_crystal_walls,
          mainiacjoe_overflow_six_doors_small,
          nicolae_ossuary_entry_false_entrances, uniq_sigmund
D:6:      layout_cave_pools, mainiacjoe_overflow_paths,
          minmay_temple_entry_junction, uniq_grinder
D:7:      layout_rooms, general_overflow_altar, mainiacjoe_overflow_tiny_flanked
D:8:      layout_rooms, dpeg_lair_monsters
D:9:      layout_basic, pdpol_temple_overflow_zin_treasury_gozag_greed,
          mainiacjoe_overflow_catwalk_spiral, orc_0_dummy
D:10:     layout_cave_pods, nicolae_wu_jian_wuxing_cycle,
          mainiacjoe_overflow_24_doors
D:11:     hellmonk_destroyed_diamonds, layout_irregular_city, serial_shops, shop
D:12:     layout_basic, nicolae_two_hexagons, minmay_guarded_unrand_prune
D:13:     layout_layer_cave
D:14:     kennysheep_six_static_rooms, layout_long_grid,
          hellmonk_vaults_keyhole, ebering_ghost_funeral_grove,
          serial_park_square3 [serial_park_minivault_5x5_8],
          kennysheep_generic_room_14, uniq_lodul, uniq_louise
D:15:     gammafunk_depths_entry_grave, layout_layer_cave, elyvilon_altar_5,
          serial_shops, shop
Temple:   chequers_temple_sunken
Lair:1:   layout_cave_shapes
Lair:2:   minmay_guarded_unrand_snakebite, layout_misc_corridors,
          hangedman_tree_tricks, st_stairs_6, uniq_gastronok, uniq_nergalle
Lair:3:   layout_long_grid, minmay_shoals_entry_lonely_mermaid,
          alex1729_snake_entry_snake, uniq_nessos
Lair:4:   layout_gridlike, slime_entry_1
Lair:5:   cheibrodos_lair_end_hotspot, layout_hall_layers,
          pdpol_lair_neglected_garden, kennysheep_snail_temple,
          serial_bayou_shore_b, uniq_urug
Orc:1:    layout_caves, minmay_orc_barracks, uniq_erolcha
Orc:2:    st_orc_ogre_mass, layout_caves, nicolae_orc_found_a_spring
Depths:1: layout_small_grid, hellmonk_sif_muna_bookshelves,
          rand_demon_pan_entry_5, pf_hell_entry_tar_river, abyss_entry,
          minmay_misc_feat_enclosed, okawaru_gym_becter

Skill      XL: |  1  2  3  4  5  6  7  8  9 10 11 12 13 14 15 16 |
---------------+-------------------------------------------------+-----
Long Blades    | 2 3 5 |  5.2
Fighting       | 2 3 4 5 6 7 8 9 10 | 10.0
Shields        | 1 2 3 |  3.8
Stealth        | 1 2 3 4 5 |  5.3
Dodging        | 2 3 4 5 6 |  6.4
Spellcasting   | 3 4 5 7 8 9 11 13 14 | 14.8
Throwing       | 1 2 3 |  3.4
Necromancy     | 2 4 5 6 7 |  7.7
Fire Magic     | 1 3 5 6 |  6.0
Alchemy        | 2 5 6 |  6.0
Short Blades   | 1 3 4 |  4.9
Translocations | 4 6 7 |  7.2
Armour         | 3 4 |  4.1
Air Magic      | 2 4 5 |  5.3
Ice Magic      | 2 4 5 6 |  6.4
Maces & Flails | 2 3 4 |  4.7
Conjurations   | 3 4 5 |  5.0
Evocations     | |  0.2

Action                     |  1- 3 |  4- 6 |  7- 9 | 10-12 | 13-15 | 16-18 || total
---------------------------+-------+-------+-------+-------+-------+-------++-------
  Melee: Falchion          |   103 |   224 |   322 |   104 |       |       ||   753
         Bite              |    29 |    90 |   163 |   299 |   331 |     3 ||   915
         Dagger            |       |       |   167 |   639 |   251 |       ||  1057
         Whip              |       |       |       |       |   587 |     5 ||   592
  Throw: Dart              |     1 |       |    21 |    27 |    15 |       ||    64
         Boomerang         |       |       |     2 |    12 |    29 |       ||    43
   Cast: Blink             |       |     1 |     5 |    22 |     3 |       ||    31
         Vampiric Draining |       |       |    14 |    29 |    27 |       ||    70
         Ignite Poison     |       |       |       |    47 |    98 |     2 ||   147
         Frozen Ramparts   |       |       |       |     2 |    53 |       ||    55
         Ozocubu's Armour  |       |       |       |       |    69 |     2 ||    71
         Fugue of the Fall |       |       |       |       |    25 |       ||    25
         Vhi's Electric Ch |       |       |       |       |     2 |       ||     2
         Olgreb's Toxic Ra |       |       |       |       |    20 |     2 ||    22
         Dispel Undead     |       |       |       |       |    12 |     1 ||    13
         Mercury Vapours   |       |       |       |       |     7 |       ||     7
         Sticky Flame      |       |       |       |       |     2 |     1 ||     3
  Evoke: Wand              |       |       |       |     6 |     3 |       ||     9
    Use: Scroll            |       |       |     9 |    10 |     9 |       ||    28
         Potion            |       |       |     2 |     2 |     1 |     1 ||     6
   Stab: Sleeping          |     1 |       |     1 |     2 |    14 |       ||    18
         Distracted        |       |       |       |     1 |       |       ||     1
 Armour: Leather armour    |    60 |     5 |       |   361 |   137 |       ||   563
         Robe              |       |    69 |   266 |    85 |       |       ||   420
         Troll leather arm |       |       |       |       |   470 |     6 ||   476
  Dodge: Dodged            |    52 |    86 |   233 |   377 |   449 |    10 ||  1207
  Block: Buckler           |    35 |    55 |   188 |   270 |   335 |     3 ||   886
